AoeStats
← OM | Romeo D. Sins

African Clearing

510659489Analyzed
4v4 RM · 5h ago on Oct 2, 2026· 54m 57s· 8 players
Game mode
Random Map
Map size
Large (8 player)
Population
200
Speed
Normal
Resources
Standard
Victory
Conquest
Starting age
Dark Age
Ending age
Imperial Age
RankedLock teamsTeams togetherTeam positionsShared explorationLock speedFull tech treeHidden civsTurbo modeCheats
Victory
Defeat
🇺🇸 Bengalis · United States
1476
+13
🇩🇴 Huns · Dominican Republic
1460
+13
🇲🇽 Varangians · Mexico
1404
+16
🇲🇽 Wei · Mexico
1361
+17
🇦🇷 Berbers · Argentina
1446
-17
🇦🇷 Varangians · Argentina
1436
-16
🇺🇸 Dravidians · United States
1370
-14
🇺🇸 Koreans · United States
1334
-12
Dusk_
7:59 Loom
13:53 Feudal Age
14:23 Double-Bit Axe
15:24 Town Watch
19:38 Castle Age
21:15 Bow Saw
25:44 Horse Collar
27:00 Wheelbarrow
27:53 Stone Mining
27:56 Gold Mining
28:57 Hand Cart
29:42 Gold Shaft Mining
33:50 Imperial Age
32:52 Heavy Plow
33:15 Fletching
33:32 Paiks
34:03 Bodkin Arrow
34:09 Padded Archer Armor
34:39 Ballistics
35:47 Chemistry
34:49 Bracer
34:16 Elite Elephant Archer
35:45 Conscription
36:57 Two-Man Saw
36:32 Crop Rotation
36:33 Leather Archer Armor
36:36 Elite Skirmisher
37:55 Ring Archer Armor
37:40 Bloodlines
37:30 Husbandry
37:40 Scale Barding Armor
37:45 Forging
39:14 Mahayana
40:42 Chain Barding Armor
40:58 Iron Casting
42:04 Elite Battle Elephant
43:23 Plate Barding Armor
43:49 Blast Furnace
45:05 Siege Elephant
46:17 Light Cavalry
47:19 Pikeman
47:45 Gambesons
48:01 Squires
49:26 Halberdier
50:11 Scale Mail Armor
52:02 Caravan
OM | Massiosare
4:40 Loom
11:08 Feudal Age
13:09 Bloodlines
16:46 Scale Barding Armor
18:04 Man-at-Arms
19:37 Forging
21:58 Scale Barding Armor
22:43 Horse Collar
22:53 Double-Bit Axe
27:42 Castle Age
27:17 Gold Mining
27:21 Stone Mining
29:20 Stone Shaft Mining
30:05 Husbandry
30:42 Iron Casting
39:39 Fletching
40:38 Ballistics
40:09 Elite Skirmisher
43:06 Bow Saw
43:50 Bodkin Arrow
53:23 Stone Shaft Mining
57:45 Imperial Age
55:21 Padded Archer Armor
55:42 Chain Barding Armor
Malcolm Little
12:43 Feudal Age
14:29 Loom
17:04 Castle Age
15:47 Scale Barding Armor
15:51 Loom
17:09 Forging
20:59 Bloodlines
20:49 Husbandry
29:41 Wheelbarrow
30:46 Gold Mining
30:37 Horse Collar
32:21 Chain Barding Armor
34:38 Double-Bit Axe
34:53 Heavy Plow
36:24 Iron Casting
37:05 Fletching
37:15 Padded Archer Armor
37:59 Town Watch
38:33 Bow Saw
41:13 Imperial Age
39:43 Ballistics
39:22 Bodkin Arrow
39:26 Elite Skirmisher
40:37 Thumb Ring
41:35 Leather Archer Armor
41:59 Bracer
43:01 Chemistry
43:09 Cavalier
45:10 Two-Man Saw
44:19 Heavy Plow
44:45 Paladin
46:13 Marauders
46:34 Conscription
50:27 Elite Tarkan
51:29 Atheism
54:15 Caravan
54:46 Coinage
OM | Romeo D. Sins
3:29 Loom
12:36 Feudal Age
13:11 Double-Bit Axe
13:51 Horse Collar
17:46 Wheelbarrow
21:15 Castle Age
19:58 Stone Mining
20:51 Gold Mining
21:02 Town Watch
27:59 Forging
31:14 Iron Casting
32:06 Scale Barding Armor
33:37 Chain Barding Armor
34:19 Bloodlines
35:08 Bow Saw
35:37 Heavy Plow
37:33 Husbandry
41:10 Imperial Age
40:14 Gold Shaft Mining
40:14 Stone Shaft Mining
40:24 Hand Cart
41:49 Tuntian
42:17 Ming Guang Armor
43:10 Blast Furnace
42:47 Crop Rotation
42:22 Town Patrol
43:08 Ballistics
43:49 Chemistry
43:13 Conscription
43:17 Elite Tiger Cavalry
45:19 Masonry
44:49 Treadmill Crane
45:56 Murder Holes
48:54 Fortified Wall
48:37 Fletching
48:48 Padded Archer Armor
51:20 Hoardings
52:49 Bodkin Arrow
53:14 Leather Archer Armor
53:49 Bracer
BloMo
10:57 Loom
13:09 Feudal Age
13:44 Double-Bit Axe
14:04 Fishing Lines
21:21 Castle Age
20:11 Forging
20:58 Scale Mail Armor
22:11 Squires
21:32 Pikeman
22:27 Bow Saw
22:22 Horse Collar
23:41 Iron Casting
26:07 Wheelbarrow
26:30 Fletching
27:49 Bodkin Arrow
27:55 Padded Archer Armor
28:56 Town Watch
30:21 Ballistics
32:15 Thumb Ring
32:33 Gold Mining
32:33 Stone Mining
34:23 Leather Archer Armor
34:24 Chain Mail Armor
37:41 Imperial Age
36:18 Arson
36:20 Gambesons
36:47 Medical Corps
37:45 Masonry
37:30 Murder Holes
38:05 Husbandry
38:31 Bracer
39:02 Ring Archer Armor
39:35 Chemistry
39:59 Two-Man Saw
40:26 Blast Furnace
39:14 Halberdier
40:21 Elite Elephant Archer
42:12 Plate Mail Armor
42:06 Conscription
42:48 Elite Skirmisher
44:54 Hoardings
45:50 Bombard Tower
45:16 Arrowslits
50:00 Wootz Steel
49:40 Elite Urumi Swordsman
Pwncakes
6:13 Loom
10:38 Loom
13:35 Feudal Age
14:35 Double-Bit Axe
14:50 Fishing Lines
21:46 Castle Age
21:10 Fletching
22:34 Bodkin Arrow
26:16 Stone Mining
30:37 Scale Mail Armor
32:37 Gold Mining
36:41 Wheelbarrow
38:51 Chain Mail Armor
39:32 Forging
41:19 Hand Cart
43:13 Squires
44:07 Pikeman
45:38 Iron Casting
45:38 Eupseong
48:25 Imperial Age
49:23 Imperial Age
49:01 Coinage
50:20 Town Watch
Karles
7:56 Loom
13:57 Feudal Age
14:34 Double-Bit Axe
14:41 Stone Mining
19:24 Castle Age
23:09 Horse Collar
24:39 Wheelbarrow
29:00 Gold Mining
33:27 Imperial Age
31:52 Gold Shaft Mining
31:17 Fletching
31:58 Bodkin Arrow
32:04 Padded Archer Armor
33:05 Ballistics
33:34 Heavy Plow
33:45 Bow Saw
33:51 Bloodlines
34:11 Bracer
35:32 Chemistry
35:01 Conscription
34:53 Thumb Ring
35:18 Husbandry
36:03 Leather Archer Armor
36:53 Hand Cart
36:23 Town Watch
37:47 Crop Rotation
37:46 Maghrebi Camels
37:51 Elite Camel Archer
39:10 Town Patrol
39:53 Murder Holes
40:09 Masonry
40:04 Siege Engineers
39:42 Treadmill Crane
40:37 Ring Archer Armor
42:03 Siege Engineers
43:03 Scale Barding Armor
43:09 Forging
42:40 Light Cavalry
44:08 Chain Barding Armor
44:45 Kasbah
44:08 Hussar
45:27 Iron Casting
46:35 Plate Barding Armor
48:31 Blast Furnace
mateconpan
9:19 Loom
14:15 Feudal Age
14:44 Double-Bit Axe
21:54 Castle Age
21:08 Scale Barding Armor
22:09 Bloodlines
23:19 Bow Saw
24:47 Horse Collar
27:31 Heavy Plow
28:56 Forging
29:45 Scale Mail Armor
29:56 Squires
31:52 Chain Mail Armor
32:20 Fletching
33:08 Pikeman
42:04 Wheelbarrow
49:51 Imperial Age
48:01 Iron Casting
53:08 Plate Mail Armor
Connection lost

Rejoining the realm…

Still unreachable

The connection could not be restored.

Session expired

The server has moved on; the page needs a fresh start.